 Dungeon Sprint DCSS version 0.30-a0-862-g1aabd4f9c5 (webtiles) character file.

Game seed: 2387433488175135331

6412 rocky1 the Basher (level 10, 0/87 HPs)
             Began as a Demonspawn Gladiator on Mar 10, 2023.
             Was an Initiate of Gozag.
             Slain by a yak (3 damage)
             ... in the Dungeon (Sprint IX: "|||||||||||||||||||||||||||||").
             The game lasted 00:04:37 (1463 turns).

rocky1 the Basher (Demonspawn Gladiator)            Turns: 1463, Time: 00:04:37

Health: 0/87       AC: 20    Str: 21    XL:     10   Next: 66%
Magic:  10/10      EV: 17    Int: 11    God:    Gozag
Gold:   1657       SH:  0    Dex: 14    Spells: 9/9 levels left

rFire   + . .      SeeInvis .    p - +2 morningstar (protect)
rCold   . . .      Faith    .    (no shield)
rNeg    . . .      Spirit   .    g - +2 ring mail {rF+}
rPois   .          Reflect  .    (helmet restricted)
rElec   .          Rampage  .    q - +0 cloak
rCorr   .          NoTele   +    (no gloves)
Will    .....                    (no boots)
Stlth   +                        (no amulet)
HPRegen 0.34/turn                s - +3 ring of strength
MPRegen 0.12/turn                t - +2 ring of evasion

@: gold aura, under a protective aura
A: horns 2, slimy green scales 2, ignite blood 1, demonic magic 1
a: Renounce Religion, Potion Petition, Call Merchant, Bribe Branch


You were in the Dungeon.
You worshipped Gozag.
Gozag was most pleased with you.
You visited 1 branch You collected 2007 gold pieces.
You paid 350 gold pieces to Gozag.

Inventory:

Hand Weapons
 n - a +1 heavy broad axe
 o - the +2 halberd "Xiagetu" {freeze, rPois Will+ Int+2 Stlth-}
   (You found it in the Dungeon)

   Int:       It affects your intelligence (+2).
   rPois:     It protects you from poison.
   Will:      It increases your willpower.
   Stlth:     It makes you less stealthy.
 p - a +2 morningstar of protection (weapon)
Missiles
 d - 3 throwing nets (quivered)
 e - a javelin
Armour
 b - a +0 leather armour
 c - a +0 helmet
 g - a +2 ring mail of fire resistance (worn)
 q - a +0 cloak (worn)
 r - a +1 scale mail
Magical Staves
 w - a staff of earth
Jewellery
 s - a +3 ring of strength (left hand)
 t - a +2 ring of evasion (right hand)
Wands
 m - a wand of iceblast (8)
Scrolls
 k - 4 scrolls of blinking
 l - 2 scrolls of amnesia
 x - a scroll of poison
 y - 4 scrolls of enchant weapon
 z - a scroll of fear
Potions
 a - 2 potions of heal wounds
 f - 5 potions of curing
 h - a potion of brilliance
 i - 4 potions of magic
 j - 3 potions of resistance
 u - a potion of might
 v - a potion of berserk rage


   Skills:
 + Level 11.0 Fighting
 * Level 14.3 Maces & Flails
 + Level 9.0 Polearms
 - Level 1.8 Throwing
 + Level 10.0 Armour
 + Level 10.4 Dodging


You had 9 spell levels left.
You didn't know any spells.
Your spell library was empty.

Dungeon Overview and Level Annotations

Branches:
Dungeon (1/1)

Altars:
Cheibriados
Dithmenos
Fedhas
Gozag
Hepliaklqana
Kikubaaqudgha
Makhleb
Nemelex Xobeh
Okawaru
Qazlal
Ru
Sif Muna
Trog
Uskayaw
Vehumet
Wu Jian
Xom
Yredelemnul
Jiyva
Lugonu


Innate Abilities, Weirdness & Mutations

You have a pair of horns on your head.
You are mostly covered in slimy green scales. (AC +3)
Your demonic aura sometimes causes spilled blood to erupt in flames.
Spells you cast may paralyse adjacent enemies.


Message History

The wyvern is engulfed in blazing flames.
You kill the wyvern!
The komodo dragon is no longer distracted by gold.
The komodo dragon is distracted by your dazzling golden aura.
You see here 270 gold pieces.
The komodo dragon hisses angrily.
You hit the komodo dragon.
The komodo dragon is no longer distracted by gold.
You headbutt the komodo dragon, but do no damage.
The komodo dragon is lightly wounded.
The komodo dragon completely misses you.
You hit the komodo dragon but do no damage.
You headbutt the komodo dragon!
The komodo dragon is moderately wounded.
The komodo dragon bites you!!
* * * LOW HITPOINT WARNING * * *
You hit the komodo dragon but do no damage.
You headbutt the komodo dragon.
You punch the komodo dragon, but do no damage.
The komodo dragon is heavily wounded.
The komodo dragon is engulfed in blazing flames.
The komodo dragon bites you but does no damage.
You sock the komodo dragon! Your headbutt misses the komodo dragon.
The komodo dragon is almost dead.
You hit the komodo dragon. Your headbutt misses the komodo dragon.
The komodo dragon is almost dead.
The komodo dragon is engulfed in blazing flames.
You kill the komodo dragon!
Your Fighting skill increases to level 11!
Your Polearms skill increases to level 9!
Your Armour skill increases to level 10!
The yak gores you!
* * * LOW HITPOINT WARNING * * *
You see here 153 gold pieces.
You barely miss the yak. The yak barely misses you.
You impale the yak!! You headbutt the yak!
The yak is severely wounded.
The yak gores you.
You die...
Your body crumbles into a pile of gold. $ $ $ $$$$$ $$$$$$$$$$$$ $$$$$$$

▓▓▓▓▓▓▓▓▓▓▓▓▓▓▓▓▓▓▓▓▓▓ $
+...Y@.$$$+..F......'.
▓▓▓▓▓▓▓▓▓▓▓▓▓▓▓▓▓▓▓▓▓▓▓▓▓▓▓▓▓▓▓▓▓
.................................
▓▓▓▓▓▓▓▓▓▓▓▓▓▓▓▓▓▓▓▓▓▓▓▓▓▓▓▓▓▓▓▓▓
.)....[.)..'_____________________
▓▓▓▓▓▓▓▓▓▓▓▓▓▓▓▓▓▓▓▓▓▓▓▓▓▓▓▓▓▓▓▓▓


You could see a yak.

Vanquished Creatures
  A two-headed ogre (D)
  A death knight (D)
  A boulder beetle (D)
  Joseph (D)
  A gargoyle (D)
  3 cane toads (D)
  3 komodo dragons (D)
  A troll (D)
  A hornet (D)
  A blink frog (D)
  A dream sheep (D)
  A slime creature (D)
  3 wyverns (D)
  2 yaks (D)
  A steam dragon (D)
  A vampire mosquito (D)
  2 water moccasins (D)
  A centaur (D)
  A phantom (D)
  2 bullfrogs (D)
  A killer bee (D)
  A hell rat (D)
  An adder (D)
  A white imp (D)
  An ufetubus (D)
  A ball python (D)
  A bat (D)
  An endoplasm (D)
  A hobgoblin (D)
  A rat (D)
39 creatures vanquished.

Notes
Turn   | Place    | Note
-------+----------+-------------------------------------------
     0 | D        | rocky1 the Demonspawn Gladiator began the quest for the
                  | Orb.
     0 | D        | Reached XP level 1. HP: 16/16 MP: 1/1
    12 | D        | Reached skill level 3 in Maces & Flails
   181 | D        | Noticed a phantom
   181 | D        | Noticed a centaur
   188 | D        | Killed a centaur
   189 | D        | Reached skill level 5 in Maces & Flails
   189 | D        | Gained mutation: You are partially covered in slimy green
                  | scales. (AC +2) [demonic ancestry]
   189 | D        | Reached XP level 2. HP: 25/25 MP: 2/2
   189 | D        | Reached XP level 3. HP: 30/30 MP: 3/3
   189 | D        | Gained mutation: Your demonic aura sometimes causes spilled
                  | blood to erupt in flames. [demonic ancestry]
   189 | D        | Reached XP level 4. HP: 37/37 MP: 4/4
   207 | D        | Killed a phantom
   208 | D        | Reached skill level 5 in Fighting
   208 | D        | Reached skill level 6 in Maces & Flails
   208 | D        | Reached skill level 5 in Dodging
   208 | D        | Gained mutation: You have a pair of small horns on your
                  | head. [demonic ancestry]
   208 | D        | Reached XP level 5. HP: 27/44 MP: 5/5
   369 | D        | Found a snail-covered altar of Cheibriados.
   369 | D        | Found a shadowy altar of Dithmenos.
   369 | D        | Found a blossoming altar of Fedhas.
   369 | D        | Found an opulent altar of Gozag.
   370 | D        | Found a hazy altar of Hepliaklqana.
   371 | D        | Found a viscous altar of Jiyva.
   372 | D        | Found an ancient bone altar of Kikubaaqudgha.
   373 | D        | Found a corrupted altar of Lugonu.
   374 | D        | Found a burning altar of Makhleb.
   377 | D        | Found a sparkling altar of Nemelex Xobeh.
   378 | D        | Found an iron altar of Okawaru.
   379 | D        | Became a worshipper of Gozag Ym Sagoz the Greedy
   380 | D        | Found a stormy altar of Qazlal.
   381 | D        | Found a sacrificial altar of Ru.
   382 | D        | Found a shimmering blue altar of Sif Muna.
   383 | D        | Found a bloodstained altar of Trog.
   384 | D        | Found a hide-covered altar of Uskayaw.
   385 | D        | Found a radiant altar of Vehumet.
   386 | D        | Found an ornate altar of the Wu Jian Council.
   387 | D        | Found a shimmering altar of Xom.
   388 | D        | Found a basalt altar of Yredelemnul.
   406 | D        | Got the +2 halberd "Xiagetu" {freeze, rPois Will+ Int+2
                  | Stlth-}
   435 | D        | Noticed a yak
   435 | D        | Noticed a two-headed ogre
   435 | D        | Noticed a steam dragon
   435 | D        | Noticed a hornet
   435 | D        | Noticed a gargoyle
   451 | D        | Killed a gargoyle
   452 | D        | Reached skill level 8 in Maces & Flails
   452 | D        | Reached skill level 5 in Armour
   452 | D        | Reached XP level 6. HP: 27/53 MP: 6/6
   458 | D        | Killed a steam dragon
   459 | D        | Reached skill level 9 in Maces & Flails
   459 | D        | Reached XP level 7. HP: 29/60 MP: 7/7
   460 | D        | Killed a hornet
   463 | D        | Killed a two-headed ogre
   464 | D        | Reached skill level 10 in Maces & Flails
   464 | D        | Reached skill level 5 in Polearms
   464 | D        | Gained mutation: You have a pair of horns on your head.
                  | [demonic ancestry]
   464 | D        | Reached XP level 8. HP: 36/68 MP: 8/8
   469 | D        | Reached skill level 11 in Maces & Flails
   773 | D        | Noticed a troll
   773 | D        | Noticed a slime creature
   773 | D        | Noticed a death knight
   773 | D        | Noticed a boulder beetle
   773 | D        | Noticed a komodo dragon
   781 | D        | Killed a komodo dragon
   787 | D        | Killed a death knight
   788 | D        | Reached skill level 12 in Maces & Flails
   788 | D        | Gained mutation: Spells you cast may paralyse adjacent
                  | enemies. [demonic ancestry]
   788 | D        | Reached XP level 9. HP: 22/76 MP: 9/9
   802 | D        | Killed a boulder beetle
   817 | D        | Killed a troll
  1184 | D        | Noticed Joseph
  1196 | D        | Killed Joseph
  1197 | D        | Reached skill level 13 in Maces & Flails
  1346 | D        | Noticed a cane toad
  1346 | D        | Noticed a cane toad
  1350 | D        | Reached skill level 10 in Fighting
  1350 | D        | Gained mutation: You are mostly covered in slimy green
                  | scales. (AC +3) [demonic ancestry]
  1350 | D        | Reached XP level 10. HP: 85/85 MP: 10/10
  1357 | D        | Killed a cane toad
  1359 | D        | Killed a cane toad
  1372 | D        | Reached skill level 10 in Dodging
  1428 | D        | Noticed a cane toad
  1434 | D        | Killed a cane toad
  1435 | D        | Reached skill level 14 in Maces & Flails
  1460 | D        | Reached skill level 10 in Armour
  1461 | D        | HP: 2/87 [yak (10)]
  1463 | D        | Slain by a yak

Illustrated notes

Levels and vault maps discovered:
D:        linesprint [early_d, line_temple, items_1, d_10, items_2, lair_1,
          lair_end, items_3, orc_1, orc_end, items_4, d_15, swamp_1, shoals_1,
          snake_1, spider_1, d_20, vaults_1, items_5, swamp_end, shoals_end,
          snake_end, spider_end, vaults_end, d_27, items_6, zot_1, zot_end,
          crypt_end, forest_end, elf_end, slime_end, tomb_end, abyss_end,
          pan_hell_end]

Skill      XL: |  1  2  3  4  5  6  7  8  9 10 |
---------------+-------------------------------+-----
Maces & Flails | 5 6 8 9 10 12 13 14 | 14.3
Dodging        | 4 5 6 7 8 9 10 | 10.4
Fighting       | 4 5 6 7 8 9 10 11 | 11.0
Armour         | 3 4 5 7 8 9 10 | 10.0
Polearms       | 3 5 6 7 9 |  9.0
Throwing       | |  1.8

Action                     |  1- 3 |  4- 6 |  7- 9 | 10-12 || total
---------------------------+-------+-------+-------+-------++-------
  Melee: Flail             |    34 |    18 |       |       ||    52
         Halberd           |       |    19 |    10 |       ||    29
         Headbutt          |       |     3 |     9 |     9 ||    21
         Morningstar       |       |       |    35 |    52 ||    87
         Punch             |       |       |       |     1 ||     1
  Throw: Throwing net      |       |       |     1 |       ||     1
 Invoke: Potion Petition   |       |       |     1 |       ||     1
  Evoke: Wand              |       |     2 |       |       ||     2
    Use: Potion            |     1 |     2 |     3 |       ||     6
   Stab: Invisible         |       |     5 |     1 |       ||     6
         Held in net/web   |       |       |     2 |       ||     2
         Distracted        |       |       |       |     2 ||     2
 Armour: Leather armour    |    19 |     3 |       |       ||    22
         Scale mail        |       |     2 |     5 |       ||     7
         Ring mail         |       |       |     1 |    14 ||    15
  Dodge: Dodged            |    30 |    39 |    21 |    33 ||   123

Table legend: (Time is in decaauts)
 A = Elapsed time spent in this place.
 B = Non-inter-level travel time spent in this place.
 C = Inter-level travel time spent in this place.
 D = Time resting spent in this place.
 E = Time spent auto-exploring this place.
 F = Levels seen in this place.
 G = Mean time per level.
                   A        B        C        D        E       F      G
               +--------+--------+--------+--------+--------+-----+--------+
         Total |   1458 |   1458 |      0 |    999 |      0 |   1 | 1458.0 |
       Dungeon |   1458 |   1458 |      0 |    999 |      0 |   1 | 1458.0 |
               +--------+--------+--------+--------+--------+-----+--------+

Top non-repeatable levels by time:
       D: 1458 daAuts
